 Dungeon Crawl Stone Soup version 0.21-a0-531-gacddea6 (webtiles) character file.

32 AverageBear the Cutter (level 3, -1/22 HPs)
             Began as a Deep Elf Fighter on Dec 12, 2017.
             Slain by a worm (2 damage)
             ... on level 2 of the Dungeon.
             The game lasted 00:01:13 (1008 turns).

AverageBear the Cutter (Deep Elf Fighter)           Turns: 1008, Time: 00:01:14

Health: -1/22      AC:  8    Str: 17    XL:     3   Next: 8%
Magic:  5/5        EV:  9    Int: 12    God:
Gold:   108        SH:  8    Dex: 14    Spells: 2/2 levels left

rFire    . . .     SeeInvis .   r - -3 short sword (curse)
rCold    . . .     Gourm    .   c - +0 shield
rNeg     . . .     Faith    .   b - +0 scale mail
rPois    .         Spirit   .   (no helmet)
rElec    .         Reflect  .   (no cloak)
rCorr    .         Harm     .   q - +0 pair of gloves
MR       .....                  l - +0 pair of boots
Stlth    ..........             (no amulet)
HPRegen  0.07/turn              n - +3 ring of evasion
MPRegen  0.09/turn              g - +3 ring of strength

@: no status effects
A: no striking features
a: no special abilities


You were on level 2 of the Dungeon.
You were not hungry.

You visited 1 branch of the dungeon, and saw 2 of its levels.

You collected 108 gold pieces.

Inventory:

Hand Weapons
 a - a +0 rapier
 h - a +3 dagger
 r - a cursed -3 short sword (weapon)
Armour
 b - a +0 scale mail (worn)
 c - a +0 shield (worn)
 l - a +0 pair of boots (worn)
 q - a +0 pair of gloves (worn)
Jewellery
 g - a +3 ring of strength (right hand)
 n - a +3 ring of evasion (left hand)
Scrolls
 p - a scroll of identify
Potions
 d - a potion of might
 e - a potion of heal wounds
 m - a potion of curing
Comestibles
 f - 2 bread rations
 i - 2 chunks of flesh
 j - 4 fruits
 k - a meat ration
 o - a royal jelly


   Skills:
 - Level 2.4 Fighting
 + Level 3.6 Short Blades
 - Level 2.4 Armour
 - Level 2.4 Shields


You had 2 spell levels left.
You didn't know any spells.

Dungeon Overview and Level Annotations

Branches:
Dungeon (2/15)

Altars:
Makhleb
Qazlal
Uskayaw
Wu Jian
Zin


Message History

The worm is severely wounded.
You hit the worm but do no damage.
The worm is severely wounded.
You block the worm's attack.
Your shield prevents you from hitting the worm.
The worm is severely wounded.
The worm bites you.
* * * LOW HITPOINT WARNING * * *
Your shield and scale mail prevent you from hitting the worm.
The worm is heavily wounded.
You hit the worm.
The worm is severely wounded.
The worm bites you.
* * * LOW HITPOINT WARNING * * *
You barely miss the worm.
The worm is severely wounded.
You hit the worm but do no damage.
The worm is severely wounded.
The worm bites you.
You die...

# # #### #... #.##
####### ##### #.#.
......< ....####.#P
#.....### #.._...#.
#w@.#######..###.#.
###......##..###.##
###..............
#............#.
#..[.....#####.
.................
#.#..........##.#.
.. ##..........#.#.
## #..............


You could see a worm.

Vanquished Creatures
  A dart slug (D:1)
  2 ball pythons
  3 giant cockroaches
  8 goblins (D:1)
  2 hobgoblins (D:1)
  2 kobolds (D:1)
  4 bats
  4 frilled lizards (D:1)
26 creatures vanquished.

Vanquished Creatures (others)
  4 toadstools (D:1)
4 creatures vanquished.

Grand Total: 30 creatures vanquished

Notes
Turn   | Place    | Note
-------+----------+-------------------------------------------
     0 | D:1      | AverageBear the Deep Elf Fighter began the quest for the Orb.
     0 | D:1      | Reached XP level 1. HP: 13/13 MP: 3/3
   240 | D:1      | Reached XP level 2. HP: 18/18 MP: 4/4
   264 | D:1      | Reached skill level 3 in Short Blades
   761 | D:1      | Reached XP level 3. HP: 21/22 MP: 5/5
   776 | D:2      | Found a hide-covered altar of Uskayaw.
   823 | D:2      | Found a stormy altar of Qazlal.
   850 | D:2      | Found a glowing silver altar of Zin.
   850 | D:2      | Found a burning altar of Makhleb.
   962 | D:2      | Found an ornate altar of the Wu Jian Council.
  1006 | D:2      | HP: 1/22 [worm (6)]
  1008 | D:2      | Slain by a worm

Vault maps used:
D:1:      ldierk_walled_garden_2, minmay_box_of_dots
D:2:      grunt_temple_overflow_open, overflow_temple_1_default, first_bread,
          serial_aquarium, aquarium_bridge_island_small, aquarium_bridge_square,
          aquarium_window_1, aquarium_window_corner, aquarium_window_corridor_3,
          aquarium_window_fake, aquarium_view_4, aquarium_pool_S

Skill      XL: |  1  2 |
---------------+-------+-----
Short Blades   | 3 |  3.6
Fighting       | |  2.4
Armour         | |  2.4
Shields        | |  2.4

Action                   || total
-------------------------++-------
Melee: Rapier            ||    15
       Dagger            ||    64
       Short sword       ||    31
  Use: Scroll            ||     6
Armor: Scale mail        ||    34
Dodge: Dodged            ||    28
Block: Shield            ||    35

Table legend:
 A = Spawn XP
 B = Non-spawn XP
 C = Spawn XP percentage of total XP
 D = Spawn monster count
 E = Non-spawn monster count
 F = Spawn count percentage of total count
 G = Total turns spent on level
                    A         B        C        D         E        F      G
               +---------+---------+-------+---------+---------+-------+---------
         Total |       0 |      46 |   0.0 |       0 |      26 |   0.0 |  1008
               +---------+---------+-------+---------+---------+-------+---------
           D:1 |       0 |      42 |   0.0 |       0 |      23 |   0.0 |   767
           D:2 |       0 |       4 |   0.0 |       0 |       3 |   0.0 |   241
               +---------+---------+-------+---------+---------+-------+---------
